 Dungeon Crawl Stone Soup version 0.27.1-34-g3ba077fa99 (webtiles) character file.

Game seed: 8943434346527021793

175 ticklebelly the Skirmisher (level 5, -1/70 (72) HPs)
             Began as a Minotaur Berserker on Jan 4, 2022.
             Was a Priest of Trog.
             Slain by Pikel (13 damage)
             ... on level 4 of the Dungeon.
             The game lasted 00:08:09 (3943 turns).

ticklebelly the Skirmisher (Minotaur Berserker)     Turns: 3943, Time: 00:08:10

HP:   -1/70 (72)    AC:  6    Str: 23    XL:     5   Next: 29%
MP:   4/4           EV: 10    Int:  4    God:    Trog [***...]
Gold: 127           SH:  0    Dex:  9    Spells: 4/4 levels left

rFire    . . .     SeeInvis .   g - +0 hand axe (flame)
rCold    . . .     Faith    .   (no shield)
rNeg     . . .     Spirit   .   m - +0 scale mail
rPois    .         Reflect  .   (helmet restricted)
rElec    .         Harm     .   (no cloak)
rCorr    .         Rampage  .   (no gloves)
Will     .....                  (no boots)
Stlth    ..........             (no amulet)
HPRegen  0.21/turn              (no ring)
MPRegen  0.09/turn              (no ring)

@: berserking, lightly drained, very quick
A: horns 2, retaliatory headbutt
a: Renounce Religion, Berserk, Trog's Hand


You were on level 4 of the Dungeon.
You worshipped Trog.
Trog was most pleased with you.
You visited 1 branch of the dungeon, and saw 4 of its levels.

You collected 127 gold pieces.

Inventory:

Hand Weapons
 g - a +0 hand axe of flaming (weapon)
 h - a +0 war axe
Missiles
 j - 8 javelins (quivered)
Armour
 m - a +0 scale mail (worn)
Wands
 d - a wand of digging (6)
 k - a wand of paralysis (8)
Scrolls
 a - 2 scrolls of teleportation {unknown}
 c - 2 scrolls of enchant weapon {unknown}
 e - 3 scrolls of vulnerability {unknown}
 l - 3 scrolls of identify {unknown}
Potions
 b - a potion of lignification {unknown}
 f - a potion of invisibility {unknown}
 i - a potion of resistance {unknown}
 n - a potion of berserk rage {unknown}
 o - a potion of cancellation {unknown}


   Skills:
 + Level 5.3 Fighting
 + Level 5.3 Axes
 - Level 3.0 Armour
 - Level 3.0 Dodging


You had 4 spell levels left.
You didn't know any spells.
Your spell library was empty.

Dungeon Overview and Level Annotations

Branches:
Dungeon (4/15)
 Temple: D:4-7

Altars:

Annotations:
D:4 Pikel


Innate Abilities, Weirdness & Mutations

You have a pair of horns on your head.
You reflexively headbutt those who attack you in melee.


Message History

You hit the endoplasm. You burn the endoplasm.
You kill the endoplasm!
Trog accepts your kill.
Found a stone staircase leading up.
You now have 127 gold pieces (gained 7).
o - a black potion
p - an amulet of magic regeneration You drop an amulet of magic regeneration.
HP restored.
A lemure comes into view.
The lemure shouts!
You hear a shout!
Pikel the Slaver comes into view.
He is wielding a +2 whip of freezing.
Pikel shouts!
A lemure comes into view.
The lemure shouts!
You hear a shout!
A lemure comes into view.
A scorpion comes into view.
The lemure hits you but does no damage.
Found 25 stones.
Pikel hits you with a +2 whip of freezing!
Pikel freezes you. The lemure barely misses you. You furiously retaliate!
You headbutt the lemure!
A lemure comes into view.
You closely miss Pikel. Your headbutt misses Pikel. You miss the lemure.
You hit the lemure but do no damage.
Pikel hits you with a +2 whip of freezing!
Pikel freezes you. The lemure hits you. The lemure closely misses you.
Pikel closely misses you.
You slash Pikel! You burn Pikel.
Pikel is moderately wounded.
You hit the lemure but do no damage. You hit the lemure. You burn the lemure.
The lemure barely misses you. The lemure hits you.
The scorpion barely misses you. The lemure hits you but does no damage.
Pikel closely misses you. The lemure barely misses you.
A red film seems to cover your vision as you go berserk!
You feel yourself moving faster!
You feel mighty! The scorpion stings you.
* * * LOW HITPOINT WARNING * * *
The lemure hits you.
* * * LOW HITPOINT WARNING * * *
Pikel hits you with a +2 whip of freezing!
You die...

......#####...........#
..........#.........##....
..............#...........
.....######.".##...#...#..
.....# #######.##.###
.....# #.#..#### .....#
#.......#.. #.....
##.5........ #..s@.......
#...5K5......
.........#.##..
.....5..#### .. ......###
...... ...... ##..(.


You could see Pikel, 4 lemures and a scorpion.

Vanquished Creatures
  A bullfrog skeleton (D:3)
  Robin (D:3)
  An adder (D:4)
  A river rat (D:3)
  2 worms (D:2)
  13 dart slugs
  4 endoplasms
  5 giant cockroaches
  13 goblins
  5 hobgoblins
  6 jackals
  5 quokkas
  5 ball pythons
  6 bats
  3 frilled lizards
  4 kobolds
  11 rats
86 creatures vanquished.

Notes
Turn   | Place    | Note
-------+----------+-------------------------------------------
     0 | D:1      | ticklebelly the Minotaur Berserker began the quest for the
                  | Orb.
     0 | D:1      | Reached XP level 1. HP: 19/19 MP: 0/0
   219 | D:1      | Reached XP level 2. HP: 19/27 MP: 1/1
   560 | D:1      | Reached ** piety under Trog
   882 | D:1      | Reached XP level 3. HP: 30/33 MP: 2/2
  1782 | D:2      | Found a faded altar of an unknown god.
  2153 | D:3      | Reached XP level 4. HP: 29/41 MP: 3/3
  2691 | D:3      | Found a glowing drain.
  2970 | D:4      | Reached skill level 5 in Fighting
  2971 | D:4      | Reached skill level 5 in Axes
  3020 | D:4      | Noticed Robin
  3270 | D:4      | Reached XP level 5. HP: 39/48 MP: 4/4
  3277 | D:3      | Killed Robin
  3514 | D:4      | Reached *** piety under Trog
  3936 | D:4      | Noticed a lemure
  3937 | D:4      | Noticed Pikel
  3937 | D:4      | Noticed a lemure
  3938 | D:4      | Noticed a lemure
  3940 | D:4      | Noticed a lemure
  3943 | D:4      | Slain by Pikel

Illustrated notes

Levels and vault maps discovered:
D:1:      lemuel_arrival_lava_pool, layout_rooms, st_stairs_13,
          grunt_decor_arrowhead
D:2:      layout_loops_ring, dilly_ecumenical_altar_fadedgnrine
D:3:      layout_basic, gup_sewer_entry_bowl, minmay_cupped
D:4:      kennysheep_slugbush, layout_cave_pools,
          grunt_temple_overflow_lords_of_destruction, ebering_ghost_inner_flame,
          guppyfry_shop_venom, uniq_robin, uniq_pikel

Skill      XL: |  1  2  3  4 |
---------------+-------------+-----
Fighting       | 4 5 |  5.3
Axes           | 4 5 |  5.3
Armour         | 3 |  3.0
Dodging        | 3 |  3.0

Action                   |  1- 3 |  4- 6 || total
-------------------------+-------+-------++-------
Melee: Hand axe          |   108 |    72 ||   180
       Headbutt          |    17 |    11 ||    28
Invok: Berserk           |     1 |     1 ||     2
Armor: Animal skin       |    20 |       ||    20
       Scale mail        |       |    56 ||    56
       Ring mail         |       |     1 ||     1
Dodge: Dodged            |    50 |    88 ||   138
